 Dungeon Crawl Stone Soup version 0.22.1-2-g9c5b331 (webtiles) character file.

244 mrath the Digger (level 6, -2/32 HPs)
             Began as a Gargoyle Earth Elementalist on Dec 7, 2018.
             Slain by an ogre
             ... wielding a +0 giant club
              (12 damage)
             ... on level 4 of the Dungeon on Dec 8, 2018.
             The game lasted 00:29:42 (4579 turns).

mrath the Digger (Gargoyle Earth Elementalist)      Turns: 4579, Time: 00:29:42

Health: -2/32      AC:  8    Str: 12    XL:     6   Next: 10%
Magic:  4/13       EV: 12    Int: 17    God:
Gold:   120        SH:  0    Dex: 10    Spells: 10/14 levels left

rFire    . . .     SeeInvis .   o - +3 whip
rCold    . . .     Gourm    .   (no shield)
rNeg     + . .     Faith    .   c - +0 robe
rPois    ∞         Spirit   .   (no helmet)
rElec    +         Reflect  .   (no cloak)
rCorr    .         Harm     .   i - +1 pair of gloves
MR       .....                  (no boots)
Stlth    ++........             (no amulet)
HPRegen  0.10/turn              (no ring)
MPRegen  0.13/turn              (no ring)

@: very slightly contaminated
A: negative energy resistance 1, electricity resistance, unbreathing,
petrification resistance, rot immunity, AC +4
a: no special abilities


You were on level 4 of the Dungeon.
You were not hungry.

You visited 1 branch of the dungeon, and saw 4 of its levels.

You collected 120 gold pieces.

Inventory:

Hand Weapons
 o - a +3 whip (weapon)
 s - a +0 hunting sling
 B - a +1 quarterstaff of pain
 F - a +0 flail
 G - a +0 short sword of venom
Missiles
 b - 38 stones (quivered)
 x - 16 poisoned needles
Armour
 c - a +0 robe (worn)
 i - a +1 pair of gloves (worn)
Jewellery
 k - an uncursed amulet of guardian spirit
 r - a cursed ring of teleportation {unknown}
 v - an uncursed ring of fire {unknown}
 E - an uncursed amulet of harm {unknown}
Wands
 A - a wand of polymorph (7)
Scrolls
 a - 2 scrolls of teleportation {unknown}
 g - 3 scrolls of identify
 h - 2 scrolls of immolation {unknown}
 j - a scroll of blinking {unknown}
 p - a scroll of enchant weapon {unknown}
 q - 3 scrolls of remove curse {unknown}
 y - a scroll of random uselessness {unknown}
 D - a scroll of fear {unknown}
Potions
 e - a potion of ambrosia {unknown}
 f - a potion of brilliance {unknown}
 l - 2 potions of flight {unknown}
 m - 3 potions of heal wounds {unknown}
 n - a potion of haste {unknown}
 t - a potion of degeneration {unknown}
 u - a potion of might {unknown}
 w - 3 potions of curing {unknown}
 z - 2 potions of berserk rage {unknown}
Comestibles
 d - 6 rations
 C - 11 chunks of flesh


   Skills:
 - Level 1.5 Dodging
 - Level 2.1 Stealth
 * Level 4.8 Spellcasting
   Level 0.7 Transmutations
 + Level 5.4 Earth Magic


You had 10 spell levels left.
You knew the following spells:

 Your Spells              Type           Power        Failure   Level  Hunger
a - Sandblast             Erth           ###...       1%          1    None
b - Stone Arrow           Conj/Erth      ##....       14%         3    ###....

Your spell library contained the following spells:

 Spells                   Type           Power        Failure   Level  Hunger
 Passwall                 Tmut/Erth      ##......     6%          2    #......
 Summon Small Mammal      Summ           #...         14%         1    None
 Call Imp                 Summ           #.......     22%         2    #......
 Petrify                  Tmut/Erth      ##......     38%         4    ####...
 Call Canine Familiar     Summ           #.......     41%         3    ###....
 Summon Guardian Golem    Hex/Summ       #.......     41%         3    ###....
 Lee's Rapid Deconstruct  Erth           ###.......   41%         5    ######.
 Summon Ice Beast         Ice/Summ       #.......     82%         4    ####...
 Summon Lightning Spire   Summ/Air       #.......     82%         4    ####...


Dungeon Overview and Level Annotations

Branches:
Dungeon (4/15)
 Temple: D:4-7

Altars:
Ashenzari
Trog


Innate Abilities, Weirdness & Mutations

You are resistant to torment.
Your stone body is resilient. (AC +4)
You are immune to poison.
You resist negative energy. (rN+)
You are resistant to electric shocks. (rElec)
You can survive without breathing.
You are immune to petrification.
You are immune to rotting.


Message History

You hit the ogre.
The ogre is severely wounded.
The ogre hits you with a giant club!!
Ouch! That really hurt!
* * * LOW HITPOINT WARNING * * *
Casting: Stone Arrow (safe; 14% risk of failure)
Confirm with . or Enter, or press ? or * to list all spells.
Aiming: Sandblast (safe; 1% risk of failure)
Press: ? - help, Shift-Dir - straight line, f/p - ogre
Aim: an ogre, wielding a giant club (severely wounded)
Okay, then.
Casting: Sandblast (safe; 1% risk of failure)
Confirm with . or Enter, or press ? or * to list all spells.
Aiming: Stone Arrow (safe; 14% risk of failure)
Press: ? - help, Shift-Dir - straight line, f/p - ogre
Aim: an ogre, wielding a giant club (severely wounded)
The stone arrow hits the ogre.
The ogre is severely wounded.
The ogre hits you with a giant club!
You die...

#...# # #...#
##.### #...#
###...... #...#
#.'.%....
#...###O#
#######...#.@.#
#.........#.###
#.........'.#
#.........###
###.........#
#.'.........#
#.#.........#
##.##....#.#.#
#.....##+#+#'##


You could see an ogre.

Vanquished Creatures
  An orc wizard (D:4)
  Jessica (D:3)
  Ijyb (D:3)
  A hound skeleton (D:4)
  6 adders
  An ooze (D:4)
  4 worms (D:2)
  2 dart slugs
  A leopard gecko (D:3)
  6 orcs (D:4)
  2 giant cockroaches
  2 goblins
  10 hobgoblins
  4 jackals (D:3)
  4 quokkas
  2 ball pythons
  5 bats
  15 frilled lizards
  2 kobolds (D:2)
  12 rats
82 creatures vanquished.

Notes
Turn   | Place    | Note
-------+----------+-------------------------------------------
     0 | D:1      | mrath the Gargoyle Earth Elementalist began the quest for
                  | the Orb.
     0 | D:1      | Reached XP level 1. HP: 10/10 MP: 3/3
   525 | D:1      | Reached XP level 2. HP: 13/15 MP: 1/5
   798 | D:1      | Reached skill level 4 in Earth Magic
  1161 | D:2      | Reached XP level 3. HP: 15/19 MP: 2/7
  1278 | D:2      | Noticed a moth of wrath
  1280 | D:2      | Found a bloodstained altar of Trog.
  1375 | D:2      | Found a shattered altar of Ashenzari.
  2030 | D:2      | Reached XP level 4. HP: 24/24 MP: 6/9
  2736 | D:3      | Learned a level 3 spell: Stone Arrow
  3196 | D:3      | Noticed Ijyb
  3209 | D:3      | Killed Ijyb
  3209 | D:3      | Reached XP level 5. HP: 20/28 MP: 2/10
  3578 | D:3      | Noticed Jessica
  3580 | D:3      | Killed Jessica
  3580 | D:3      | Reached skill level 5 in Earth Magic
  4451 | D:4      | Reached XP level 6. HP: 27/32 MP: 8/13
  4579 | D:4      | Slain by an ogre

Skill      XL: |  1  2  3  4  5 |
---------------+----------------+-----
Earth Magic    | 4 5 |  5.4
Spellcasting   | 3 4 |  4.8
Dodging        | |  1.5
Stealth        | |  2.1
Transmutations | |  0.7

Action                   |  1- 3 |  4- 6 || total
-------------------------+-------+-------++-------
Melee: Dagger            |   120 |   109 ||   229
       Whip              |       |    60 ||    60
 Cast: Sandblast         |    19 |    20 ||    39
       Stone Arrow       |       |     8 ||     8
  Use: Scroll            |       |     3 ||     3
 Stab: Sleeping          |       |     3 ||     3
  Eat: Chunk             |     3 |     7 ||    10
       Ration            |       |     1 ||     1
Armor: Robe              |    31 |    81 ||   112
Dodge: Dodged            |    63 |   102 ||   165
